 Dungeon Crawl Stone Soup version 0.27-a0-1099-g7f87ac42b0 (webtiles) character file.

Game seed: 9297218731461624888

21 DarkShadow the Skirmisher (level 2, -2/27 HPs)
             Began as a Minotaur Fighter on Apr 28, 2021.
             Succumbed to a goblin's poison
             ... on level 2 of the Dungeon.
             The game lasted 00:02:01 (814 turns).

DarkShadow the Skirmisher (Minotaur Fighter)         Turns: 814, Time: 00:02:02

Health: -2/27      AC: 12    Str: 20    XL:     2   Next: 62%
Magic:  1/1        EV:  3    Int:  5    God:
Gold:   32         SH:  9    Dex:  9    Spells: 1/1 levels left

rFire    . . .     SeeInvis .   a - +0 long sword
rCold    . . .     Faith    .   c - +0 kite shield
rNeg     . . .     Spirit   .   j - +0 plate armour
rPois    .         Reflect  .   (helmet restricted)
rElec    .         Harm     .   (no cloak)
rCorr    .         Rampage  .   k - +0 pair of gloves
Will     +....                  (no boots)
Stlth    ..........             (no amulet)
HPRegen  0.09/turn              h - ring of flight
MPRegen  0.07/turn              i - ring of willpower

@: lethally poisoned (-2 -> -15), flying
A: horns 2, retaliatory headbutt
a: no special abilities


You were on level 2 of the Dungeon.
You visited 1 branch of the dungeon, and saw 2 of its levels.

You collected 32 gold pieces.

Inventory:

Hand Weapons
 a - a +0 long sword (weapon)
Armour
 b - a +0 scale mail
 c - a +0 kite shield (worn)
 j - a +0 plate armour (worn)
 k - a +0 pair of gloves (worn)
Jewellery
 h - a ring of flight (left hand)
 i - a ring of willpower (right hand)
Potions
 d - a potion of might
 e - a potion of lignification {unknown}
 f - a potion of cancellation {unknown}
 g - a potion of heal wounds {unknown}


   Skills:
 + Level 4.1 Fighting
 + Level 2.6 Long Blades
 + Level 3.9 Armour
 + Level 4.0 Shields


You had one spell level left.
You didn't know any spells.
Your spell library was empty.

Dungeon Overview and Level Annotations

Branches:
Dungeon (2/15)

Altars:

Annotations:
D:2 Robin


Innate Abilities, Weirdness & Mutations

You have a pair of horns on your head.
You reflexively headbutt those who attack you in melee.


Message History

You barely miss the goblin. The goblin hits you but does no damage.
The goblin hits you with a +0 club. You block the goblin's attack.
You hit the goblin.
The goblin is moderately wounded.
You block the goblin's attack. The goblin hits you but does no damage.
The goblin barely misses you. You furiously retaliate!
You headbutt the goblin.
You kill the goblin!
The goblin barely misses you. x2; You riposte.
You hit the goblin but do no damage. You block the goblin's attack.
You see here a +0 club.
You block the goblin's attack. The goblin hits you but does no damage.
You block the goblin's attack.
The goblin no longer looks unusually strong.
The goblin no longer looks unusually strong.
Robin roars a battlecry!
The goblins go into a battle-frenzy!
The hobgoblin no longer looks unusually strong.
The goblin no longer looks unusually strong.
You closely miss the goblin. The goblin barely misses you.
You riposte.
You barely miss the goblin. Your headbutt misses the goblin.
Your shield prevents you from hitting the goblin.
The goblin hits you but does no damage.
You are poisoned.
The goblin hits you with a +0 dagger of venom.
You are lethally poisoned!
You closely miss the goblin. Your headbutt misses the goblin.
* * * LOW HITPOINT WARNING * * *
You feel extremely sick. Robin throws the goblin at you!
You block the goblin's attack. x2
You slash the goblin!
You kill the goblin!
* * * LOW HITPOINT WARNING * * *
You feel very sick. You block the goblin's attack.
The goblin hits you but does no damage.
Your Shields skill increases to level 4!
You slash the goblin!
You kill the goblin!
You die...

###.####.....# #.....#
###g### #g.## #.#.#
##g## #g# ##+## #)#
#...## #@# .....## ###
#g# ......## ##.###.#
.......####...##.#######
...<...'................
.......####......######.
......## ##.#.###
.....## ###.# #...## #.#


You could see Robin and 4 goblins.

Vanquished Creatures
  A dart slug (D:1)
  2 ball pythons (D:1)
  An endoplasm (D:1)
  A giant cockroach (D:1)
  6 goblins
  A hobgoblin (D:2)
  2 kobolds (D:1)
  A bat (D:1)
  2 rats (D:1)
17 creatures vanquished.

Notes
Turn   | Place    | Note
-------+----------+-------------------------------------------
     0 | D:1      | DarkShadow the Minotaur Fighter began the quest for the
                  | Orb.
     0 | D:1      | Reached XP level 1. HP: 19/19 MP: 0/0
   233 | D:1      | Reached XP level 2. HP: 22/27 MP: 1/1
   790 | D:2      | Noticed Robin
   814 | D:2      | Succumbed to a goblin's poison

Illustrated notes

Levels and vault maps discovered:
D:1:      minmay_arrival_wavy_path, layout_rooms
D:2:      layout_loops_corners, serial_glass, glass_columns_b, glass_columns_a,
          feat_on_display, feat_on_display, feat_on_display, item_on_display_b,
          basic_altar, grunt_decor_junction, uniq_robin

Skill      XL: |  1  2 |
---------------+-------+-----
Fighting       | 4 |  4.1
Shields        | 4 |  4.0
Long Blades    | |  2.6
Armour         | |  3.9

Action                   || total
-------------------------++-------
Melee: Long sword        ||    42
       Headbutt          ||    10
  Use: Scroll            ||     1
Armor: Scale mail        ||    11
       Plate armour      ||    19
Dodge: Dodged            ||    13
Block: Kite shield       ||    26
       Rpst.: Long sword ||     4

Table legend: (Time is in decaauts)
 A = Elapsed time spent in this place.
 B = Non-inter-level travel time spent in this place.
 C = Inter-level travel time spent in this place.
 D = Time resting spent in this place.
 E = Time spent auto-exploring this place.
 F = Levels seen in this place.
 G = Mean time per level.
                   A        B        C        D        E       F      G
               +--------+--------+--------+--------+--------+-----+--------+
         Total |    832 |    832 |      0 |    100 |    543 |   2 |  416.0 |
       Dungeon |    832 |    832 |      0 |    100 |    543 |   2 |  416.0 |
               +--------+--------+--------+--------+--------+-----+--------+

Top non-repeatable levels by time:
     D:1: 767 daAuts
     D:2: 65 daAuts
